 Dungeon Crawl Stone Soup version 0.26-a0-597-gb535b0901c (webtiles) character file.

Game seed: 3435983196431463664

137 Lugonue the Insei (level 5, -1/22 HPs)
             Began as a Vine Stalker Transmuter on Sept 8, 2020.
             Was a Follower of Hepliaklqana.
             Slain by a killer bee (4 damage)
             ... on level 3 of the Dungeon.
             The game lasted 00:03:54 (2161 turns).

Lugonue the Insei (Vine Stalker Transmuter)         Turns: 2161, Time: 00:03:55

Health: -1/22      AC:  9    Str: 14    XL:     5   Next: 20%
Magic:  0/9        EV: 12    Int: 13    God:    Hepliaklqana [*.....]
Gold:   173        SH:  0    Dex: 14    Spells: 5/9 levels left

rFire    . . .     SeeInvis .     - Unarmed
rCold    . . .     Faith    .   (no shield)
rNeg     . . .     Spirit   +   a - +0 robe
rPois    .         Reflect  .   d - +0 helmet
rElec    .         Harm     .   (no cloak)
rCorr    .                      e - +0 pair of gloves
MR       .....                  g - +0 pair of boots
Stlth    ++........             (no amulet)
HPRegen  0.47/turn              h - +4 ring of protection
MPRegen  0.11/turn              (no ring)

@: lethally poisoned (-1 -> -1)
A: reduced essence, fangs 2, regeneration 1, magic shield, antimagic bite, no
potion heal 3, rot immunity
a: Recall Ancestor, Ancestor Identity, Renounce Religion


You were on level 3 of the Dungeon.
You worshipped Hepliaklqana.
Hepliaklqana was aware of your devotion.
You visited 1 branch of the dungeon, and saw 4 of its levels.

You collected 173 gold pieces.

Inventory:

Armour
 a - a +0 robe (worn)
 d - a +0 helmet (worn)
 e - a +0 pair of gloves (worn)
 g - a +0 pair of boots (worn)
Jewellery
 h - a +4 ring of protection (left hand)
 n - a cursed ring of teleportation {unknown}
Scrolls
 c - a scroll of teleportation {unknown}
 f - a scroll of fog {unknown}
 j - 2 scrolls of remove curse {unknown}
 k - a scroll of enchant weapon {unknown}
 m - 3 scrolls of identify {unknown}
 o - 2 scrolls of amnesia {unknown}
Potions
 l - a potion of stabbing {unknown}


   Skills:
 + Level 1.1 Fighting
 + Level 2.2 Dodging
 * Level 3.1 Stealth
 + Level 4.0 Unarmed Combat
 + Level 2.5 Spellcasting
 * Level 2.6 Transmutations


You had 5 spell levels left.
You knew the following spells:

 Your Spells              Type           Power        Failure   Level
a - Beastly Appendage     Tmut           #.....       9%          1
b - Spider Form           Tmut/Pois      #.........   38%         3

Your spell library contained the following spells:

 Spells                   Type           Power        Failure   Level
 Wereblood                Tmut           #.......     12%         2
 Ice Form                 Ice/Tmut       #.......     80%         4
 Blade Hands              Tmut           #.........   92%         5


Dungeon Overview and Level Annotations

Branches:
Dungeon (4/15)
 Temple: D:4-7

Altars:
Gozag
Hepliaklqana
Sif Muna
Yredelemnul


Innate Abilities, Weirdness & Mutations

You have extremely sharp teeth.
Your natural rate of healing is unusually fast.
When hurt, damage is shared between your health and your magic reserves.
Your bite disrupts and absorbs the magic of your enemies.
Potions cannot restore your health.
You are immune to rotting.
Your life essence is reduced to manifest your ancestor. (-10% HP)


Message History

The killer bee stings you.
* * * LOW HITPOINT WARNING * * *
You are more poisoned.
The killer bee poisons you!
The killer bee stings you but does no damage.
It was a potion of cancellation.
Your magical effects are unravelling.
You feel magically purged.
Your horns disappear.
Your talons disappear.
Your +0 helmet unmelds from your body.
Your +0 pair of boots unmelds from your body.
You feel sick. The killer bee barely misses you. x3
The killer bee stings you.
* * * LOW HITPOINT WARNING * * *
You barely miss the killer bee.
The killer bee is moderately wounded.
You feel sick.
The killer bee stings you but does no damage.
The killer bee stings you!
You die...

######################
#....................#
#.######.######..###.# # #.# #y#
#..###.#### #.# #@#
####.......... #.######y#
#............. #.#......#
#.##..#.####.. #.#.#....#
#.##..#.# #.. #########.#.#.##.#
#.##..#.####..
........#.#.#.##.###.###.#.##....
#######.#.#.#.##..$....._........
#####.#.#รท#.######.###.#.......
#...........# #.# #.#.##.#.#


You could see 2 killer bees.

Vanquished Creatures
  Terence (D:2)
  An adder (D:3)
  2 worms
  2 dart slugs
  3 leopard geckos (D:2)
  2 orcs (D:3)
  4 giant cockroaches
  A goblin (D:1)
  5 hobgoblins
  7 jackals (D:1)
  8 bats
  3 frilled lizards (D:1)
  9 kobolds
  10 rats
58 creatures vanquished.

Vanquished Creatures (collateral kills)
  An orc priest (D:3)
  An orc (D:3)
2 creatures vanquished.

Vanquished Creatures (others)
  An ancestor (D:4)
1 creature vanquished.

Grand Total: 61 creatures vanquished

Notes
Turn   | Place    | Note
-------+----------+-------------------------------------------
     0 | D:1      | Lugonue the Vine Stalker Transmuter began the quest for the
                  | Orb.
     0 | D:1      | Reached XP level 1. HP: 9/9 MP: 4/4
    67 | D:1      | Reached skill level 1 in Stealth
   173 | D:1      | Reached XP level 2. HP: 11/14 MP: 6/6
   522 | D:1      | Reached skill level 1 in Fighting
   522 | D:1      | Reached XP level 3. HP: 14/18 MP: 3/7
   879 | D:2      | Found a faded altar of an unknown god.
  1105 | D:2      | Found a basalt altar of Yredelemnul.
  1307 | D:2      | Noticed Terence
  1317 | D:2      | Learned a level 3 spell: Spider Form
  1339 | D:2      | Killed Terence
  1339 | D:2      | Gained mutation: Your natural rate of healing is unusually
                  | fast. [Vine Stalker growth]
  1339 | D:2      | Reached XP level 4. HP: 15/22 MP: 1/8
  1548 | D:2      | Became a worshipper of Hepliaklqana the Forgotten
  1548 | D:2      | Reached * piety under Hepliaklqana
  1567 | D:3      | Found a shimmering blue altar of Sif Muna.
  1741 | D:3      | Found an opulent altar of Gozag.
  1774 | D:3      | Reached XP level 5. HP: 17/22 MP: 4/9
  1777 | D:3      | Reached skill level 4 in Unarmed Combat
  2161 | D:3      | Slain by a killer bee

Illustrated notes

Levels and vault maps discovered:
D:1:      matt_arrival_grand_opening, layout_rooms, minmay_ruptured
D:2:      layout_basic, nicolae_overflow_crystal_walls,
          chequers_ecumenical_altar_simple_redux, uniq_terence
D:3:      layout_loops_ring, lemuel_crystal_altar, led_sif_book
D:4:      layout_loops_cross, gammafunk_temple_overflow_statue,
          portal_sewer_entry_b

Skill      XL: |  1  2  3  4  5 |
---------------+----------------+-----
Stealth        | 1 2 3 |  3.1
Fighting       | 1 |  1.1
Dodging        | 2 |  2.2
Unarmed Combat | 4 |  4.0
Spellcasting   | |  2.5
Transmutations | |  2.6

Action                   |  1- 3 |  4- 6 || total
-------------------------+-------+-------++-------
Melee: Unarmed           |   117 |    47 ||   164
       Headbutt          |     9 |     3 ||    12
       Bite              |    14 |     8 ||    22
       Kick              |    10 |     4 ||    14
 Cast: Beastly Appendage |     8 |     6 ||    14
       Spider Form       |     1 |       ||     1
Invok: Recall Ancestor   |       |     1 ||     1
  Use: Potion            |     1 |     1 ||     2
       Scroll            |       |     1 ||     1
 Stab: Sleeping          |     2 |     2 ||     4
Armor: Robe              |    34 |    19 ||    53
Dodge: Dodged            |    97 |    33 ||   130

Table legend: (Time is in decaauts)
 A = Elapsed time spent in this place.
 B = Non-inter-level travel time spent in this place.
 C = Inter-level travel time spent in this place.
 D = Time resting spent in this place.
 E = Time spent auto-exploring this place.
 F = Levels seen in this place.
 G = Mean time per level.
                   A        B        C        D        E       F      G
               +--------+--------+--------+--------+--------+-----+--------+
         Total |   2149 |   2025 |    124 |      0 |   1529 |   4 |  537.2 |
       Dungeon |   2149 |   2025 |    124 |      0 |   1529 |   4 |  537.2 |
               +--------+--------+--------+--------+--------+-----+--------+

Top non-repeatable levels by time:
     D:1: 858 daAuts
     D:2: 700 daAuts
     D:3: 582 daAuts
     D:4: 9 daAuts
